 Dungeon Crawl Stone Soup version 0.29.1-15-g9cfb28693d (webtiles) character file.

Game seed: 4099852061055560752

6334 boopmooplesden the Spear-Bearer (level 10, -3/91 HPs)
             Began as a Minotaur Fighter on Mar 18, 2023.
             Was a Believer of Trog.
             Slain by a slime creature (9 damage)
             ... on level 9 of the Dungeon.
             The game lasted 00:11:03 (8697 turns).

boopmooplesden the Spear-Bearer (Minotaur Fighter)  Turns: 8697, Time: 00:11:04

Health: -3/91      AC: 24    Str: 25    XL:     10   Next: 64%
Magic:  9/9        EV:  8    Int:  5    God:    Trog [**....]
Gold:   479        SH:  0    Dex: 10    Spells: 9/9 levels left

rFire   . . .      SeeInvis .   k - +4 glaive (protect)
rCold   . . .      Faith    .   (shield currently unavailable)
rNeg    . . .      Spirit   .   j - +1 plate armour
rPois   .          Reflect  .   (helmet restricted)
rElec   .          Harm     .   m - scarf {shadows}
rCorr   +          Rampage  .   o - +0 pair of gloves
Will    +....                   (no boots)
Stlth   ..........              (no amulet)
HPRegen 0.25/turn               v - ring of willpower
MPRegen 0.11/turn               r - ring of resist corrosion

@: under a protective aura, on berserk cooldown, slowed, studying
Transmutations, very slow
A: horns 2, retaliatory headbutt
a: Renounce Religion, Berserk, Trog's Hand


You were on level 9 of the Dungeon.
You worshipped Trog.
Trog was pleased with you.
You visited 2 branches of the dungeon, and saw 10 of its levels.
You also visited: Sewer.

You collected 479 gold pieces.

Inventory:

Hand Weapons
 a - a +0 war axe
 d - the +7 whip "Qoamuykluj" {drain, Fly rF- Will- Int+8}
   (You found it on level 3 of the Dungeon)

   A truly terrible weapon, it drains the life of any living foe it strikes.
   Int:       It affects your intelligence (+8).
   rF:        It makes you vulnerable to fire.
   Fly:       It grants you flight.
   Will:      It decreases your willpower.
 k - a +4 glaive of protection (weapon)
Armour
 c - a +0 buckler
 j - a +1 plate armour (worn)
 m - a scarf of shadows (worn)
 o - a +0 pair of gloves (worn)
 y - a +0 pair of gloves
Jewellery
 r - a ring of resist corrosion (right hand)
 v - a ring of willpower (left hand)
 z - a ring of see invisible
Wands
 e - a wand of iceblast (8)
 s - a wand of polymorph (13)
 A - a wand of flame (31)
 C - a wand of mindburst (24)
Scrolls
 g - 6 scrolls of teleportation
 l - 7 scrolls of magic mapping
 q - 3 scrolls of identify
 u - a scroll of blinking
Potions
 b - 4 potions of flight
 f - a potion of degeneration {unknown}
 h - 2 potions of lignification
 i - a potion of magic {unknown}
 n - a potion of haste {unknown}
 p - a potion of invisibility {unknown}
 t - 2 potions of curing {unknown}
 w - a potion of brilliance {unknown}
 B - a potion of berserk rage {unknown}
 D - a potion of ambrosia {unknown}


   Skills:
 + Level 9.0 Fighting
 + Level 2.8(9.6) Axes
 + Level 14.2(14.3) Polearms
 + Level 10.0 Armour
 + Level 1.2 Dodging
 + Level 1.0 Stealth
 + Level 4.1 Shields


You had 9 spell levels left.
You didn't know any spells.
Your spell library contained the following spells:

 Spells                   Type           Power      Damage    Failure   Level
 Slow                     Hex            0%         N/A       99%         1
 Ensorcelled Hibernation  Hex/Ice        0%         N/A       100%        2
 Confusing Touch          Hex            0%         N/A       100%        3
 Ignite Poison            Fire/Tmut/Pois 0%         N/A       100%        3
 Mephitic Cloud           Conj/Pois/Air  0%         N/A       100%        3
 Spider Form              Tmut/Pois      0%         N/A       100%        3
 Vampiric Draining        Necr           0%         2d6       100%        3
 Anguish                  Hex/Necr       0%         N/A       100%        4
 Freezing Cloud           Conj/Ice/Air   0%         6-21      100%        5
 Yara's Violent Unravell  Hex/Tmut       0%         3d3       100%        5
 Enfeeble                 Hex            0%         N/A       100%        7


Dungeon Overview and Level Annotations

Branches:
Dungeon (9/15)             Temple (1/1) D:4           Sewer (visited)
   Lair: D:8-11         Orc: D:9-12

Altars:
Ashenzari
Cheibriados
Dithmenos
Fedhas
Gozag
Hepliaklqana
Kikubaaqudgha
Makhleb
Nemelex Xobeh
Okawaru
Qazlal
Sif Muna
Trog
Uskayaw
Vehumet
Wu Jian
Xom
Yredelemnul
Zin
The Shining One

Shops:
D:4 *


Innate Abilities, Weirdness & Mutations

You have a pair of horns on your head.
You reflexively headbutt those who attack you in melee.


Message History

You barely miss the slime creature.
The slime creature is severely wounded.
You hit the slime creature. You headbutt the slime creature!
You kill the slime creature!
Trog accepts your kill. The slime creature barely misses you.
The slime creature hits you!
* * * LOW HITPOINT WARNING * * *
The slime creature hits you but does no damage.
Your Stealth skill increases to level 1!
You barely miss the slime creature. You headbutt the slime creature!
The slime creature is moderately wounded.
The slime creature hits you but does no damage.
The slime creature barely misses you. You furiously retaliate!
You headbutt the slime creature!!
The slime creature hits you but does no damage.
You barely miss the slime creature. You headbutt the slime creature!
The slime creature is almost dead.
You slice the slime creature!!
You kill the slime creature!
Trog accepts your kill. The slime creature hits you.
* * * LOW HITPOINT WARNING * * *
The slime creature hits you but does no damage.
Your Fighting skill increases to level 9!
Your Armour skill increases to level 10!
You slice the slime creature!!
The slime creature is moderately wounded.
You slash the slime creature! You headbutt the slime creature!
The slime creature is almost dead.
You are no longer berserk.
You are exhausted.
You feel yourself slow down.
The slime creature hits you but does no damage.
The slime creature hits you!
* * * LOW HITPOINT WARNING * * *
You barely miss the slime creature. You headbutt the slime creature!
You kill the slime creature!
Trog accepts your kill. The slime creature hits you!
You die...

###### ######
........ .....
.......# ....
.......##..#
...........#
........@..##.
........J......
.####....#####
#######..#....#
#........'....#
#....##########
#....######..
#.....<......
+............


You could see a slime creature.

Vanquished Creatures
  A centaur warrior (D:8)
  A cyclops (D:8)
  A gargoyle (D:8)
  The ghost of 0gre the Chiller, a novice GnIE of Vehumet (D:5)
  5 slime creatures (D:9)
  Eustachio (D:5)
  2 water moccasins
  Duvessa (D:5)
  2 sky beasts
  3 ice beasts
  An orc warrior (D:7)
  3 centaurs
  A phantom (D:7)
  2 kobold brigands
  Blork the orc (D:5)
  2 bullfrogs
  A gnoll sergeant (D:7)
  4 scorpions
  Dowan (D:5)
  17 killer bees (D:8)
  2 crimson imps (D:5)
  6 howler monkeys
  4 jellies
  7 orc priests
  3 hounds
  3 iguanas
  5 orc wizards
  Ijyb (D:3)
  Terence (D:3)
  A merfolk siren (Sewer)
  A merfolk avatar (Sewer)
  3 gnolls (D:7)
  7 adders
  2 river rats
  A white imp (D:6)
  3 ufetubi
  2 worms
  2 dart slugs
  32 orcs
  4 endoplasms
  5 giant cockroaches
  7 goblins
  5 hobgoblins
  3 jackals (D:3)
  4 quokkas
  12 ball pythons
  2 bats
  8 frilled lizards
  6 kobolds
  29 rats
222 creatures vanquished.

Vanquished Creatures (others)
  8 plants (D:8)
8 creatures vanquished.

Grand Total: 230 creatures vanquished

Notes
Turn   | Place    | Note
-------+----------+-------------------------------------------
     0 | D:1      | boopmooplesden the Minotaur Fighter began the quest for the
                  | Orb.
     0 | D:1      | Reached XP level 1. HP: 19/19 MP: 0/0
   605 | D:2      | Reached XP level 2. HP: 14/27 MP: 1/1
   928 | D:2      | Found a faded altar of an unknown god.
   936 | D:2      | Reached XP level 3. HP: 26/33 MP: 2/2
   941 | D:2      | Reached skill level 1 in Polearms
  1796 | D:3      | Noticed Terence
  1811 | D:3      | Killed Terence
  1812 | D:3      | Reached skill level 2 in Polearms
  1812 | D:3      | Reached XP level 4. HP: 25/40 MP: 3/3
  1821 | D:3      | Noticed Ijyb
  1827 | D:3      | Killed Ijyb
  1840 | D:3      | Reached skill level 3 in Polearms
  1941 | D:3      | Reached XP level 5. HP: 26/47 MP: 4/4
  2027 | D:3      | Found a glowing drain.
  2049 | Sewer    | Entered a sewer
  2331 | Sewer    | Reached skill level 4 in Polearms
  2331 | Sewer    | Reached skill level 5 in Armour
  2560 | Sewer    | Reached skill level 5 in Fighting
  2828 | D:3      | Reached XP level 6. HP: 52/56 MP: 5/5
  2905 | D:3      | Reached skill level 5 in Polearms
  2962 | D:3      | Found a stormy altar of Qazlal.
  2978 | D:3      | Identified the +7 whip "Qoamuykluj" {drain, Fly rF- Will-
                  | Int+8}
  3650 | D:4      | Found Wagas's Gadget Gallery.
  3659 | D:4      | Found a snail-covered altar of Cheibriados.
  3698 | D:4      | Found a staircase to the Ecumenical Temple.
  3974 | D:5      | Entered Level 5 of the Dungeon
  3977 | D:5      | Found a sparkling altar of Nemelex Xobeh.
  3981 | D:5      | Noticed Dowan
  3981 | D:5      | Noticed Duvessa
  3999 | D:5      | Killed Duvessa
  4000 | D:5      | Reached skill level 6 in Polearms
  4000 | D:5      | Reached XP level 7. HP: 52/61 MP: 6/6
  4006 | D:5      | Killed Dowan
  4080 | D:5      | Reached skill level 7 in Polearms
  4203 | D:5      | Noticed 0gre's ghost (novice GnIE)
  4474 | D:5      | Noticed Blork the orc
  4477 | D:5      | Noticed Eustachio
  4499 | D:5      | Killed Eustachio
  4500 | D:5      | Reached skill level 8 in Polearms
  4500 | D:5      | Reached XP level 8. HP: 40/70 MP: 7/7
  4502 | D:5      | Killed Blork the orc
  4907 | D:5      | Found a shadowy altar of Dithmenos.
  5052 | D:5      | Found a runed translucent door.
  5105 | D:5      | Found a shimmering altar of Xom.
  5159 | D:5      | Killed 0gre's ghost
  5160 | D:5      | Reached skill level 9 in Polearms
  5224 | Temple   | Entered the Ecumenical Temple
  5238 | Temple   | Became a worshipper of Trog the Wrathful
  5585 | D:6      | Reached skill level 10 in Polearms
  5730 | D:6      | Reached XP level 9. HP: 72/78 MP: 8/8
  6082 | D:7      | Reached * piety under Trog
  6083 | D:7      | Reached skill level 11 in Polearms
  6407 | D:7      | Found a broken altar of Ashenzari.
  6473 | D:7      | Found a hazy altar of Hepliaklqana.
  6977 | D:8      | Noticed a centaur warrior
  6987 | D:8      | Killed a centaur warrior
  6988 | D:8      | Reached skill level 12 in Polearms
  6988 | D:8      | Reached skill level 1 in Dodging
  7056 | D:8      | HP: 6/121 [poisoned by a killer bee]
  7061 | D:8      | HP: 4/121 [poisoned by a killer bee]
  7313 | D:8      | Reached XP level 10. HP: 88/88 MP: 9/9
  7373 | D:8      | Noticed a gargoyle
  7381 | D:8      | Killed a gargoyle
  7382 | D:8      | Reached skill level 13 in Polearms
  7615 | D:8      | Found a burning altar of Makhleb.
  7644 | D:8      | Found a blossoming altar of Fedhas.
  7795 | D:8      | Noticed a cyclops
  7798 | D:8      | Killed a cyclops
  7798 | D:8      | Reached ** piety under Trog
  8365 | D:8      | Found a glowing golden altar of the Shining One.
  8686 | D:9      | Reached skill level 14 in Polearms
  8692 | D:9      | Reached skill level 1 in Stealth
  8695 | D:9      | Reached skill level 10 in Armour
  8697 | D:9      | Slain by a slime creature

Illustrated notes

Levels and vault maps discovered:
D:1:      minmay_arrival_stair_chambers, layout_loops_cross
D:2:      layout_basic, hellmonk_ecumenical_altar_blasted,
          minmay_misc_feat_square
D:3:      layout_rooms, mainiacjoe_overflow_cross_hatched,
          gup_sewer_entry_bubbles, minmay_misc_feat_secret_circle,
          minmay_misc_feat_rugged, kennysheep_orc_chapel, uniq_ijyb,
          uniq_terence
D:4:      layout_loops_ring, cheibriados_altar_1,
          minmay_temple_entry_from_below_b, nicolae_shop_gadgets
D:5:      layout_loops_ring, led_xom_imps, nemelex_xobeh_ov_fountains_minmay,
          mainiacjoe_overflow_boulevard, hellmonk_ghost_happy_afterlife,
          uniq_duvessa, uniq_blork_the_orc, uniq_eustachio
D:6:      lemuel_ice_spiral_2, layout_basic
D:7:      layout_gridville, mainiacjoe_overflow_tiny_flanked,
          nicolae_ashenzari_skybound
D:8:      nzn_winding_woodlands_three_and_one
          [nzn_winding_woodlands_5x15_lazy_stream,
          nzn_winding_woodlands_5x15_crooked, nzn_winding_woodlands_5x15_pool,
          nzn_winding_woodlands_center_diamonds], layout_loops_ring,
          fedhas_altar_1, lightli_temple_of_fire, general_overflow_altar,
          enter_bailey_2, minmay_manual_monstrance
D:9:      cheibrodos_shockbox, layout_stronghold, orc_0_dummy, uniq_pikel,
          uniq_gastronok
Temple:   hellmonk_temple_rainy

Skill      XL: |  1  2  3  4  5  6  7  8  9 10 |
---------------+-------------------------------+-----
Shields        | 4 |  4.1
Fighting       | 4 5 6 8 9 |  9.0
Armour         | 4 5 6 7 8 10 | 10.0
Polearms       | 2 3 4 6 8 10 12 14 | 14.2
Dodging        | 1 |  1.2
Stealth        | 1 |  1.0
Axes           | |  2.8

Action                   |  1- 3 |  4- 6 |  7- 9 | 10-12 || total
-------------------------+-------+-------+-------+-------++-------
Melee: War axe           |    12 |       |       |       ||    12
       Glaive            |    54 |   184 |   204 |    98 ||   540
       Headbutt          |     2 |    14 |    27 |    19 ||    62
Invok: Berserk           |       |       |     3 |     2 ||     5
  Use: Scroll            |     6 |     2 |     2 |     2 ||    12
       Potion            |     1 |     1 |     1 |       ||     3
 Stab: Distracted        |       |       |       |     1 ||     1
Armor: Plate armour      |    58 |   140 |   268 |    79 ||   545
       Scale mail        |     4 |       |       |       ||     4
Dodge: Dodged            |    31 |    83 |   111 |    40 ||   265
Block: Buckler           |     1 |       |       |       ||     1
